| TOP OF THE 1ST |
|
Montgomery Biscuits batting - Pitching for Portland Sea Dogs : RHP Justin Carrion
|
|
Pitching: RHP Justin Carrion
|
|
|
Batting: RHB Adam Turpin
|
0-0: Called Strike 0-1: Ball 1-1: Ball 2-1: Ground out 6-3 (Groundball, 6, EV 80.6 MPH)
|
|
Batting: RHB Khalil Walker
|
0-0: Ground out 4-3 (Groundball, 4, EV 82.5 MPH)
|
|
Batting: SHB Wayne Hattan
|
0-0: Foul Ball, location: 2F 0-1: Ball 1-1: Ground out 4-3 (Groundball, 4, EV 80.6 MPH)
|
| Top of the 1st over - 0 runs, 0 hits, 0 errors, 0 left on base; Montgomery 0 - Portland 0 |
| BOTTOM OF THE 1ST |
|
Portland Sea Dogs batting - Pitching for Montgomery Biscuits : RHP Tung-chi Tian
|
|
Pitching: RHP Tung-chi Tian
|
|
|
Batting: RHB Sal Rivera
|
0-0: Ball 1-0: Ball 2-0: Foul Ball, location: 2F 2-1: Foul Ball, location: 2F 2-2: Foul Ball, location: 2F 2-2: Strikes out swinging
|
|
Batting: RHB Travis Campbell
|
0-0: Ground out 4-3 (Groundball, 4, EV 108.8 MPH)
|
|
Batting: RHB Tony Nunez
|
0-0: SINGLE (Line Drive, 6MD, EV 103.8 MPH)
|
|
Batting: RHB Ernie Genier
|
0-0: Called Strike Tony Nunez steals 2nd, throwing error, E2 Tony Nunez to third 0-1: Fly out, F4 (Popup, 34, EV 75.6 MPH)
|
| Bottom of the 1st over - 0 runs, 1 hit, 1 error, 1 left on base; Montgomery 0 - Portland 0 |
| TOP OF THE 2ND |
|
Montgomery Biscuits batting - Pitching for Portland Sea Dogs : RHP Justin Carrion
|
|
Batting: RHB Freddy Mullen
|
0-0: Called Strike 0-1: Ball 1-1: Foul Ball, location: 2F 1-2: Ball 2-2: Fly out, F7 (Flyball, 78M, EV 89.4 MPH)
|
|
Batting: RHB Jason Penfield
|
0-0: Fly out, F8 (Line Drive, 89M, EV 86.9 MPH)
|
|
Batting: RHB Dave Galloway
|
0-0: Called Strike 0-1: Foul Ball, location: 2F 0-2: Ball 1-2: Strikes out looking
|
| Top of the 2nd over - 0 runs, 0 hits, 0 errors, 0 left on base; Montgomery 0 - Portland 0 |
| BOTTOM OF THE 2ND |
|
Portland Sea Dogs batting - Pitching for Montgomery Biscuits : RHP Tung-chi Tian
|
|
Batting: RHB Jim Hubbard
|
0-0: Called Strike 0-1: Called Strike 0-2: Ball 1-2: Strikes out swinging
|
|
Batting: LHB Keith Rice
|
0-0: Ball 1-0: Ball 2-0: Ball 3-0: Called Strike 3-1: Foul Ball, location: 2F 3-2: Ground out U3 (Groundball, 3L, EV 80.0 MPH)
|
|
Batting: LHB Dave Reyes
|
0-0: Ball 1-0: Foul Ball, location: 2F 1-1: Foul Ball, location: 2F 1-2: Foul Ball, location: 2F 1-2: Ground out 4-3 (Groundball, 4, EV 83.8 MPH)
|
| Bottom of the 2nd over - 0 runs, 0 hits, 0 errors, 0 left on base; Montgomery 0 - Portland 0 |
| TOP OF THE 3RD |
|
Montgomery Biscuits batting - Pitching for Portland Sea Dogs : RHP Justin Carrion
|
|
Batting: LHB Rich Matthews
|
0-0: Called Strike 0-1: Ball 1-1: Fly out, F8 (Line Drive, 8RM, EV 91.9 MPH)
|
|
Batting: RHB Isaiah Easter
|
0-0: Ball 1-0: Ball 2-0: Ball 3-0: Called Strike 3-1: Swinging Strike 3-2: Ground out 5-3 (Groundball, 5S, EV 91.9 MPH)
|
|
Batting: LHB Alex Genao
|
0-0: Ball 1-0: Ball 2-0: Foul Ball, location: 2F 2-1: SINGLE (Groundball, 4MD, EV 98.1 MPH)
|
|
Batting: RHB Adam Turpin
|
0-0: Ball Alex Genao is caught stealing 2nd base 2-4
|
| Top of the 3rd over - 0 runs, 1 hit, 0 errors, 0 left on base; Montgomery 0 - Portland 0 |
| BOTTOM OF THE 3RD |
|
Portland Sea Dogs batting - Pitching for Montgomery Biscuits : RHP Tung-chi Tian
|
|
Batting: RHB Raul Sanchez
|
0-0: Foul Ball, location: 2F 0-1: Ball 1-1: Ball 2-1: Ball 3-1: Foul Ball, location: 2F 3-2: Strikes out looking
|
|
Batting: RHB Frank Sokolosky
|
0-0: Ball 1-0: Foul Ball, location: 2F 1-1: Ball 2-1: Ground out 6-3 (Groundball, 56, EV 84.4 MPH)
|
|
Batting: RHB Sal Rivera
|
0-0: Foul Ball, location: 2F 0-1: Ball 1-1: Ball 2-1: Ball 3-1: Ground out 5-3 (Groundball, 56, EV 80.6 MPH)
|
| Bottom of the 3rd over - 0 runs, 0 hits, 0 errors, 0 left on base; Montgomery 0 - Portland 0 |
| TOP OF THE 4TH |
|
Montgomery Biscuits batting - Pitching for Portland Sea Dogs : RHP Justin Carrion
|
|
Batting: RHB Adam Turpin
|
0-0: Ball 1-0: Foul Ball, location: 2F 1-1: Called Strike 1-2: Ball 2-2: Ball 3-2: Foul Ball, location: 2F 3-2: Base on Balls
|
|
Batting: RHB Khalil Walker
|
Pickoff Throw to First - Out! 1-3 CS 0-0: Called Strike 0-1: SINGLE (Line Drive, 89M, EV 111.9 MPH)
|
|
Batting: SHB Wayne Hattan
|
0-0: Ball 1-0: Ball Khalil Walker steals 2nd base 2-0: Called Strike 2-1: Foul Ball, location: 2F 2-2: Ball 3-2: Ground out 6-3 (Groundball, 6M, EV 82.5 MPH) Khalil Walker to third
|
|
Batting: RHB Freddy Mullen
|
0-0: Ball 1-0: Called Strike 1-1: Swinging Strike 1-2: Foul Ball, location: 2F 1-2: 2-RUN HOME RUN (Flyball, 9LD, EV 96.2 MPH), Distance : 367 ft
|
|
Batting: RHB Jason Penfield
|
0-0: Swinging Strike 0-1: Hit by Pitch
|
|
Batting: RHB Dave Galloway
|
0-0: Ball 1-0: SINGLE (Groundball, 6S, EV 63.1 MPH) (infield hit) Jason Penfield to second
|
|
Batting: LHB Rich Matthews
|
0-0: Fly out, F7 (Flyball, 78D, EV 69.4 MPH)
|
| Top of the 4th over - 2 runs, 3 hits, 0 errors, 2 left on base; Montgomery 2 - Portland 0 |
| BOTTOM OF THE 4TH |
|
Portland Sea Dogs batting - Pitching for Montgomery Biscuits : RHP Tung-chi Tian
|
|
Batting: RHB Travis Campbell
|
0-0: Called Strike 0-1: Foul Ball, location: 2F 0-2: Foul Ball, location: 2F 0-2: Ball 1-2: Foul Ball, location: 2F 1-2: Ball 2-2: Fly out, F8 (Line Drive, 8RD, EV 84.4 MPH)
|
|
Batting: RHB Tony Nunez
|
0-0: Ground out 2-3 (Groundball, 15S, EV 72.5 MPH)
|
|
Batting: RHB Ernie Genier
|
0-0: Ball 1-0: Called Strike 1-1: Ball 2-1: Swinging Strike 2-2: Ground out 5-3 (Groundball, 56, EV 84.4 MPH)
|
| Bottom of the 4th over - 0 runs, 0 hits, 0 errors, 0 left on base; Montgomery 2 - Portland 0 |
| TOP OF THE 5TH |
|
Montgomery Biscuits batting - Pitching for Portland Sea Dogs : RHP Justin Carrion
|
|
Batting: RHB Isaiah Easter
|
0-0: Ball 1-0: Ball 2-0: Called Strike 2-1: Foul Ball, location: 2F 2-2: SINGLE (Flyball, 8LS, EV 96.9 MPH)
|
|
Batting: LHB Alex Genao
|
0-0: Foul Ball, location: 2F 0-1: Called Strike 0-2: Fielders Choice at 2nd, 5-4 (Groundball, 56, EV 106.9 MPH)
|
|
Batting: RHB Adam Turpin
|
0-0: SINGLE (Line Drive, 4M, EV 98.8 MPH) Alex Genao to second
|
|
Batting: RHB Khalil Walker
|
0-0: Ball 1-0: Foul Ball, location: 2F 1-1: SINGLE (Line Drive, 9LS, EV 89.4 MPH) Alex Genao to third Adam Turpin to second
|
|
Batting: SHB Wayne Hattan
|
0-0: SINGLE (Line Drive, 4MD, EV 95.0 MPH) Alex Genao scores Adam Turpin to third Khalil Walker to second Runner from 3rd tries for Home, SAFE, throw by CF to home Khalil Walker to third Wayne Hattan to second
|
|
Batting: RHB Freddy Mullen
|
0-0: Called Strike 0-1: Ball 1-1: Called Strike 1-2: Ball 2-2: Foul Ball, location: 2F 2-2: Foul Ball, location: 2F 2-2: Foul Ball, location: 2F 2-2: 3-RUN HOME RUN (Flyball, 7LD, EV 95.6 MPH), Distance : 374 ft
|
|
Pitching: RHP Riley Pooley
|
|
|
Batting: RHB Jason Penfield
|
0-0: Called Strike 0-1: Ball 1-1: Ball 2-1: Foul Ball, location: 2F 2-2: Foul Ball, location: 2F 2-2: Foul Ball, location: 2F 2-2: Ball 3-2: SINGLE (Line Drive, 6MD, EV 96.2 MPH)
|
|
Batting: RHB Dave Galloway
|
0-0: Called Strike 0-1: Called Strike 0-2: Ball 1-2: Ball 2-2: Fly out, F9 (Flyball, 89M, EV 75.6 MPH)
|
|
Batting: LHB Rich Matthews
|
0-0: Foul Ball, location: 2F 0-1: Ball 1-1: Ball 2-1: Foul Ball, location: 2F 2-2: SINGLE (Groundball, 34D, EV 100.6 MPH) Jason Penfield to second Runner from 2nd tries for 3rd, SAFE, throw by RF made to third Rich Matthews to second
|
|
Batting: RHB Isaiah Easter
|
0-0: Called Strike 0-1: Ground out 1-3 (Groundball, P, EV 62.5 MPH)
|
| Top of the 5th over - 5 runs, 7 hits, 0 errors, 2 left on base; Montgomery 7 - Portland 0 |
| BOTTOM OF THE 5TH |
|
Portland Sea Dogs batting - Pitching for Montgomery Biscuits : RHP Tung-chi Tian
|
|
Batting: RHB Jim Hubbard
|
0-0: Foul Ball, location: 2F 0-1: Called Strike 0-2: Fly out, F8 (Flyball, 8RM, EV 75.6 MPH)
|
|
Batting: LHB Keith Rice
|
0-0: Ball 1-0: Ground out 6-3 (Groundball, P, EV 91.2 MPH)
|
|
Batting: LHB Dave Reyes
|
0-0: Foul Ball, location: 2F 0-1: Foul Ball, location: 2F 0-2: Ball 1-2: Ball 2-2: Foul Ball, location: 2F 2-2: Strikes out swinging
|
| Bottom of the 5th over - 0 runs, 0 hits, 0 errors, 0 left on base; Montgomery 7 - Portland 0 |
| TOP OF THE 6TH |
|
Montgomery Biscuits batting - Pitching for Portland Sea Dogs : RHP Riley Pooley
|
|
Batting: LHB Alex Genao
|
0-0: Ball 1-0: Swinging Strike 1-1: Fly out, F6 (Popup, 6MS, EV 71.9 MPH)
|
|
Batting: RHB Adam Turpin
|
0-0: Ball 1-0: Fly out, F8 (Line Drive, 78M, EV 90.0 MPH)
|
|
Batting: RHB Khalil Walker
|
0-0: Ball 1-0: Ground out 3-1 (Groundball, 34, EV 108.8 MPH)
|
| Top of the 6th over - 0 runs, 0 hits, 0 errors, 0 left on base; Montgomery 7 - Portland 0 |
| BOTTOM OF THE 6TH |
|
Portland Sea Dogs batting - Pitching for Montgomery Biscuits : RHP Tung-chi Tian
|
|
Batting: RHB Raul Sanchez
|
0-0: Swinging Strike 0-1: Foul Ball, location: 2F 0-2: Ball 1-2: Ball 2-2: SOLO HOME RUN (Flyball, 7LD, EV 95.6 MPH), Distance : 366 ft
|
|
Batting: RHB Frank Sokolosky
|
0-0: Ball 1-0: Ground out 6-3 (Groundball, P, EV 80.6 MPH)
|
|
Batting: RHB Sal Rivera
|
0-0: Foul Ball, location: 2F 0-1: Ball 1-1: Called Strike 1-2: Foul Ball, location: 2F 1-2: SINGLE (Groundball, 34D, EV 110.0 MPH)
|
|
Batting: RHB Travis Campbell
|
0-0: Called Strike 0-1: Called Strike 0-2: Foul Ball, location: 2F 0-2: Ball 1-2: Ball 2-2: Ball 3-2: Base on Balls Sal Rivera to second
|
|
Batting: RHB Tony Nunez
|
0-0: Called Strike 0-1: Foul Ball, location: 2F 0-2: Ball 1-2: Fielders Choice at 2nd, 6-4 (Groundball, 56, EV 82.5 MPH) Sal Rivera to third
|
|
Batting: RHB Ernie Genier
|
0-0: SINGLE (Groundball, 34D, EV 109.4 MPH) Sal Rivera scores Tony Nunez to second Runner from 2nd tries for 3rd, SAFE, throw by RF made to third
|
|
Now in RF: Dan Marks
|
|
|
Batting: RHB Jim Hubbard
|
0-0: Ball 1-0: Fielders Choice at 2nd, 6-4 (Groundball, 6, EV 82.5 MPH)
|
| Bottom of the 6th over - 2 runs, 3 hits, 0 errors, 2 left on base; Montgomery 7 - Portland 2 |
| TOP OF THE 7TH |
|
Montgomery Biscuits batting - Pitching for Portland Sea Dogs : RHP Riley Pooley
|
|
Batting: SHB Wayne Hattan
|
0-0: Ball 1-0: Ball 2-0: Ball 3-0: Called Strike 3-1: Called Strike 3-2: Ground out 1-3 (Groundball, 34S, EV 65.0 MPH)
|
|
Batting: RHB Freddy Mullen
|
0-0: Called Strike 0-1: Swinging Strike 0-2: Ball 1-2: Fly out, F7 (Flyball, 7, EV 85.6 MPH)
|
|
Batting: RHB Jason Penfield
|
0-0: Ball 1-0: Foul Ball, location: 2F 1-1: Ground out 6-3 (Groundball, 6, EV 103.8 MPH)
|
| Top of the 7th over - 0 runs, 0 hits, 0 errors, 0 left on base; Montgomery 7 - Portland 2 |
| BOTTOM OF THE 7TH |
|
Portland Sea Dogs batting - Pitching for Montgomery Biscuits : RHP Tung-chi Tian
|
|
Batting: LHB Keith Rice
|
0-0: SINGLE (Groundball, 4MD, EV 111.2 MPH)
|
|
Batting: LHB Dave Reyes
|
0-0: Foul Ball, location: 2F 0-1: Ball 1-1: Ball 2-1: Ball 3-1: Base on Balls Keith Rice to second
|
|
Batting: RHB Raul Sanchez
|
0-0: Ball 1-0: Fly out, F8 (Flyball, 8LM, EV 81.2 MPH)
|
|
Pitching: RHP Cameron Bianchi
|
|
|
Pinch Hitting: LHB Aaron Brannon
|
0-0: Foul Ball, location: 2F 0-1: Called Strike 0-2: Ball 1-2: Ball 2-2: Strikes out swinging
|
|
Batting: RHB Sal Rivera
|
0-0: Foul Ball, location: 2F 0-1: Foul Ball, location: 2F 0-2: Ball 1-2: Strikes out swinging
|
| Bottom of the 7th over - 0 runs, 1 hit, 0 errors, 2 left on base; Montgomery 7 - Portland 2 |
| TOP OF THE 8TH |
|
Montgomery Biscuits batting - Pitching for Portland Sea Dogs : RHP Riley Pooley
|
|
Now at SS: Mike Batko
|
|
|
Batting: RHB Dave Galloway
|
0-0: Ball 1-0: Foul Ball, location: 2F 1-1: Ball 2-1: Swinging Strike 2-2: Fly out, F8 (Flyball, 8RD, EV 98.8 MPH)
|
|
Pitching: LHP Jason Salzer
|
|
|
Batting: RHB Dan Marks
|
0-0: Ball 1-0: Ball 2-0: SINGLE (Line Drive, 9LS, EV 104.4 MPH)
|
|
Batting: RHB Isaiah Easter
|
0-0: Called Strike Dan Marks steals 2nd, throwing error, E2 Dan Marks to third 0-1: Ball 1-1: Ball 2-1: DOUBLE (Line Drive, 7LD, EV 101.2 MPH) Dan Marks scores
|
|
Batting: LHB Alex Genao
|
0-0: Ball 1-0: Swinging Strike 1-1: Foul Ball, location: 2F 1-2: Ball 2-2: Strikes out swinging
|
|
Batting: RHB Adam Turpin
|
0-0: Called Strike 0-1: Ball 1-1: Swinging Strike 1-2: Ball 2-2: Ground out 6-3 (Groundball, 6, EV 83.8 MPH)
|
| Top of the 8th over - 1 run, 2 hits, 1 error, 1 left on base; Montgomery 8 - Portland 2 |
| BOTTOM OF THE 8TH |
|
Portland Sea Dogs batting - Pitching for Montgomery Biscuits : RHP Cameron Bianchi
|
|
Batting: RHB Travis Campbell
|
0-0: Ball 1-0: Foul Ball, location: 2F 1-1: Ball 2-1: Ball 3-1: Foul Ball, location: 2F 3-2: Foul Ball, location: 2F 3-2: Foul Ball, location: 2F 3-2: Base on Balls
|
|
Batting: RHB Tony Nunez
|
0-0: Ball 1-0: Grounds into double play, 6-4-3 (Groundball, 6, EV 93.1 MPH)
|
|
Batting: RHB Ernie Genier
|
0-0: Hit by Pitch
|
|
Batting: RHB Jim Hubbard
|
0-0: Called Strike 0-1: Called Strike 0-2: Strikes out swinging
|
| Bottom of the 8th over - 0 runs, 0 hits, 0 errors, 1 left on base; Montgomery 8 - Portland 2 |
| TOP OF THE 9TH |
|
Montgomery Biscuits batting - Pitching for Portland Sea Dogs : LHP Jason Salzer
|
|
Batting: RHB Khalil Walker
|
0-0: Ball 1-0: Foul Ball, location: 2F 1-1: Foul Ball, location: 2F 1-2: Strikes out swinging
|
|
Batting: SHB Wayne Hattan
|
0-0: Called Strike 0-1: Ball 1-1: Ball 2-1: Ball 3-1: Foul Ball, location: 2F 3-2: Base on Balls
|
|
Pitching: RHP Chris Cory
|
|
|
Batting: RHB Freddy Mullen
|
0-0: Called Strike 0-1: Ball 1-1: Called Strike 1-2: Ball 2-2: Fly out, F8 (Flyball, 8RM, EV 90.0 MPH)
|
|
Batting: RHB Jason Penfield
|
0-0: Ball 1-0: Fielders Choice at 2nd, 6-4 (Groundball, 56, EV 108.8 MPH)
|
| Top of the 9th over - 0 runs, 0 hits, 0 errors, 1 left on base; Montgomery 8 - Portland 2 |
| BOTTOM OF THE 9TH |
|
Portland Sea Dogs batting - Pitching for Montgomery Biscuits : RHP Cameron Bianchi
|
|
Batting: LHB Keith Rice
|
0-0: Ball 1-0: Fly out, F7 (Flyball, 7D, EV 81.2 MPH)
|
|
Batting: LHB Dave Reyes
|
0-0: Called Strike 0-1: Ball 1-1: Ball 2-1: Fly out, F8 (Flyball, 8LS, EV 94.4 MPH)
|
|
Batting: RHB Raul Sanchez
|
0-0: Foul Ball, location: 2F 0-1: Swinging Strike 0-2: Ball 1-2: Foul Ball, location: 2F 1-2: Strikes out swinging
|
| Bottom of the 9th over - 0 runs, 0 hits, 0 errors, 0 left on base; Montgomery 8 - Portland 2 |
|